 Dungeon Crawl Stone Soup version 0.31-a0-188-g5e087ee2ca (webtiles) character file.

Game seed: 6582738927314384049

683 qw the Skirmisher (level 7, -3/40 HPs)
             Began as a Deep Elf Hunter on June 23, 2023.
             Succumbed to an orc wizard's poison
             ... on level 5 of the Dungeon.
             The game lasted 00:01:40 (4130 turns).

qw the Skirmisher (Deep Elf Hunter)                 Turns: 4130, Time: 00:01:40

Health: -3/40      AC: 12    Str: 10    XL:     7   Next: 35%
Magic:  9/9        EV: 11    Int: 14    God:
Gold:   238        SH:  0    Dex: 18    Spells: 6/6 levels left

rFire   . . .        Y - +0 shortbow
rCold   + . .        (shield currently unavailable)
rNeg    . . .        j - +0 ring mail
rPois   .            (no helmet)
rElec   .            (no cloak)
rCorr   .            e - +1 pair of gloves
SInv    .            b - +0 pair of boots
Will    .....        l - amulet of the acrobat
Stlth   +            a - ring of protection from cold
HPRegen 0.26/turn    m - +4 ring of protection
MPRegen 0.11/turn

%: acrobat
@: lethally poisoned (-3 -> -25)
A: no striking features
a: no special abilities


You were on level 5 of the Dungeon.
You visited 2 branches of the dungeon, and saw 6 of its levels.

You collected 238 gold pieces.


   Skills:
 - Level 2.0 Fighting
 + Level 10.9 Ranged Weapons
 - Level 1.8 Armour
 - Level 3.1 Dodging
 - Level 1.2 Stealth


You had 6 spell levels left.
You didn't know any spells.
Your spell library was empty.

Inventory:

Hand Weapons
 Y - a +0 shortbow (weapon)
Armour
 b - a +0 pair of boots (worn)
 d - a +0 helmet
 e - a +1 pair of gloves (worn)
 j - a +0 ring mail (worn)
Jewellery
 a - a ring of protection from cold (left hand)
 l - an amulet of the acrobat (around neck)
 m - a +4 ring of protection (right hand)
 n - a ring of willpower
Scrolls
 h - a scroll of identify
Potions
 f - 3 potions of curing
 g - a potion of haste
 i - a potion of invisibility {unknown}
 k - a potion of berserk rage {unknown}
 o - a potion of enlightenment {unknown}

Dungeon Overview and Level Annotations

Branches:
Dungeon (5/15)             Temple (1/1) D:4

Altars:
Ashenzari
Cheibriados
Dithmenos
Elyvilon
Fedhas
Gozag
Kikubaaqudgha
Makhleb
Nemelex Xobeh
Qazlal
Sif Muna
Trog
Uskayaw
Wu Jian
Xom
Yredelemnul

Shops:
D:4 (


Message History

You shoot an arrow. The arrow barely misses the orc wizard.
You feel very sick.
The orc wizard hits you but does no damage.
You are more poisoned.
You shoot an arrow.
The arrow hits the orc wizard but does no damage.
The orc wizard is lightly wounded.
You feel extremely sick.
The orc wizard hits you but does no damage.
You are more poisoned.
You shoot an arrow. The arrow barely misses the orc wizard.
You feel extremely sick.
The orc wizard hits you but does no damage.
You are more poisoned.
4125 ||| DRINKING 2 potions of heal wounds.
You feel much better.
You feel extremely sick.
The orc wizard hits you with a +1 dagger of venom.
You are more poisoned.
You shoot an arrow. The arrow hits the orc wizard!
The orc wizard is severely wounded.
You feel extremely sick.
The orc wizard hits you but does no damage.
4127 ||| DRINKING potion of heal wounds.
You feel much better.
You feel very sick.
The orc wizard hits you with a +1 dagger of venom.
You are more poisoned.
You shoot an arrow.
The arrow closely misses the orc wizard.
You feel extremely sick. The orc wizard closely misses you.
You shoot an arrow.
The arrow closely misses the orc wizard.
You feel very sick. The orc wizard closely misses you.
You shoot an arrow.
The arrow hits the orc wizard but does no damage.
The orc wizard is severely wounded.
You die...

..........#
..).........#
............# ##
...........##### ..=
...............# . ..##.
####....###.# ... .).
#.##.# #.#
###).#o#####.##.###.####
....(..@................
..........##.##.#######.
.#..####..##.##.# #. #.
....##.##.# ##
#..#.###.##.# ......#
#.# ###..#.. ..# #....#
### . ..


You could see an orc wizard.

Vanquished Creatures
  Duvessa (D:5)
  An ice beast (D:5)
  A black bear (D:4)
  A phantom (D:5)
  Dowan (D:5)
  An orc priest (D:3)
  A hound (D:5)
  A jelly (D:4)
  2 iguanas
  3 adders
  4 worms
  A dart slug (D:2)
  9 orcs
  5 endoplasms
  7 giant cockroaches
  10 hobgoblins
  6 jackals
  4 quokkas
  7 ball pythons
  10 bats
  4 frilled lizards (D:2)
  3 goblins
  9 kobolds
  12 rats
104 creatures vanquished.

Notes
Turn   | Place    | Note
-------+----------+-------------------------------------------
     0 | D:1      | qw the Deep Elf Hunter began the quest for the Orb.
     0 | D:1      | Reached XP level 1. HP: 12/12 MP: 3/3
     0 | D:1      | 0 ||| qw: Version: 0.3-a-9-g12657ce
     0 | D:1      | 0 ||| qw: Game counter: 4327
     0 | D:1      | 0 ||| qw: Always use a shield: true
     0 | D:1      | 0 ||| qw: God list: Okawaru
     0 | D:1      | 0 ||| qw: Allow faded altars: false
     0 | D:1      | 0 ||| qw: Do Orc after D:15 true
     0 | D:1      | 0 ||| qw: Do second Lair branch before Depths: true
     0 | D:1      | 0 ||| qw: Lair rune preference: random
     0 | D:1      | 0 ||| qw: Plans: Normal
     0 | D:1      | 0 ||| PLANNING D:1-11
   201 | D:1      | Reached XP level 2. HP: 16/16 MP: 4/4
   207 | D:1      | Reached skill level 6 in Ranged Weapons
   605 | D:1      | HP: 3/16 [hobgoblin (2)]
   610 | D:1      | Reached XP level 3. HP: 3/20 MP: 5/5
   617 | D:1      | HP: 3/20 [quokka (2)]
  1019 | D:1      | 1019 ||| UPGRADING to +0 pair of gloves.
  1024 | D:1      | 1024 ||| READING scroll labelled PILUTHU APSAV.
  1025 | D:1      | 1025 ||| READING scroll labelled DIACWU WAPNAIPP.
  1026 | D:1      | 1026 ||| READING scroll labelled XECVOT NAEQUTS.
  1027 | D:1      | 1027 ||| DRINKING 2 silvery potions.
  1028 | D:1      | 1028 ||| DROPPING scroll of butterflies.
  1209 | D:2      | Reached skill level 7 in Ranged Weapons
  1215 | D:2      | Identified the +2 short sword of Uskayaw's Envy {drain,
                  | Str+2 Int+4 Dex+3}
  1354 | D:2      | Found a faded altar of an unknown god.
  1540 | D:2      | Reached XP level 4. HP: 25/25 MP: 6/6
  1869 | D:2      | 1869 ||| UPGRADING to +0 pair of boots.
  1874 | D:2      | 1874 ||| UPGRADING to +0 ring mail.
  1884 | D:2      | 1884 ||| DROPPING +0 leather armour.
  1885 | D:2      | 1885 ||| UPGRADING to ring of protection from cold.
  1886 | D:2      | 1886 ||| READING scroll labelled PEBIAD NOIRU.
  1887 | D:2      | 1887 ||| READING scroll labelled SENUC MUBRALUF.
  1888 | D:2      | 1888 ||| DRINKING 2 fizzy brown potions.
  1889 | D:2      | 1889 ||| DROPPING potion of magic.
  2307 | D:3      | Found a snail-covered altar of Cheibriados.
  2565 | D:3      | 2565 ||| UPGRADING to amulet of the acrobat.
  2570 | D:3      | 2570 ||| UPGRADING to +4 ring of protection.
  2571 | D:3      | 2571 ||| READING 2 scrolls labelled VAOLOSHREWA.
  2572 | D:3      | 2572 ||| READING scroll labelled QIJ PELIAC.
  2573 | D:3      | 2573 ||| READING scroll labelled LEPHORIMIBE.
  2574 | D:3      | 2574 ||| READING scroll labelled JIAB QIGHEVE.
  2575 | D:3      | 2575 ||| READING 2 scrolls of identify.
  2575 | D:3      | 2575 ||| IDENTIFYING cyan potion
  2576 | D:3      | 2576 ||| DROPPING scroll of amnesia.
  2617 | D:4      | 2617 ||| PLANNING SEWER
  2641 | D:4      | 2641 ||| FLEEEEING.
  2642 | D:4      | 2642 ||| FLEEEEING.
  2643 | D:4      | 2643 ||| FLEEEEING.
  2644 | D:4      | 2644 ||| FLEEEEING.
  2645 | D:4      | 2645 ||| FLEEEEING.
  2646 | D:4      | 2646 ||| STAIRDANCE
  2689 | D:3      | 2689 ||| READING scroll labelled RESAUCHUSCHE.
  2693 | D:4      | 2693 ||| STAIRDANCE
  2718 | D:4      | 2718 ||| STAIRDANCE
  2721 | D:3      | Reached skill level 8 in Ranged Weapons
  2839 | D:4      | Found Qanyv's Antique Weapon Boutique.
  2867 | D:4      | Reached XP level 5. HP: 15/29 MP: 7/7
  3017 | D:4      | Reached skill level 9 in Ranged Weapons
  3183 | D:4      | Found a burning altar of Makhleb.
  3209 | D:4      | Found a staircase to the Ecumenical Temple.
  3317 | D:4      | 3317 ||| RIP SEWER
  3321 | D:4      | 3321 ||| PLANNING TEMPLE
  3328 | D:4      | 3328 ||| READING scroll labelled COSTRU VYDOSENG.
  3329 | D:4      | 3329 ||| READING 2 scrolls of identify.
  3329 | D:4      | 3329 ||| IDENTIFYING yellow potion
  3392 | Temple   | Entered the Ecumenical Temple
  3570 | Temple   | 3570 ||| PLANNING D:1-11
  3680 | D:5      | Entered Level 5 of the Dungeon
  3680 | D:5      | Noticed a black bear
  3686 | D:5      | 3686 ||| STAIRDANCE
  3692 | D:4      | Killed a black bear
  3693 | D:4      | Reached skill level 1 in Armour
  3693 | D:4      | Reached XP level 6. HP: 30/35 MP: 8/8
  3718 | D:5      | Noticed an ice beast
  3731 | D:5      | Killed an ice beast
  3826 | D:5      | 3826 ||| READING scroll of enchant armour.
  3826 | D:5      | 3826 ||| ENCHANTING +0 pair of gloves.
  3857 | D:5      | Noticed Dowan
  3859 | D:5      | Noticed Duvessa
  3871 | D:5      | Killed Duvessa
  3872 | D:5      | Reached skill level 10 in Ranged Weapons
  3886 | D:5      | Killed Dowan
  3887 | D:5      | Reached skill level 3 in Dodging
  3887 | D:5      | Reached XP level 7. HP: 24/40 MP: 9/9
  4112 | D:5      | 4112 ||| Stepping ~*~*~tactically~*~*~ (outnumbered).
  4124 | D:5      | HP: 6/40 [poisoned by an orc wizard]
  4125 | D:5      | 4125 ||| DRINKING 2 potions of heal wounds.
  4127 | D:5      | 4127 ||| DRINKING potion of heal wounds.
  4129 | D:5      | HP: 2/40 [poisoned by an orc wizard]
  4130 | D:5      | Succumbed to an orc wizard's poison

Levels and vault maps discovered:
D:1:      matt_arrival_spirals, layout_basic
D:2:      layout_basic, nicolae_ecumenical_oubliette
D:3:      layout_loops_ring, chei_slow_surprise, solitary_fountain
D:4:      layout_basic, general_overflow_altar, temple_statues, serial_shops,
          shop, gup_sewer_entry_bubbles, minmay_misc_feat_nine_boxes
D:5:      layout_basic, serial_shops, shop, uniq_duvessa
Temple:   eino_temple_water

Skill      XL: |  1  2  3  4  5  6 |
---------------+-------------------+-----
Ranged Weapons | 6 7 8 9 10 | 10.9
Fighting       | 2 |  2.0
Armour         | 1 |  1.8
Dodging        | 3 |  3.1
Stealth        | |  1.2

Action                     |  1- 3 |  4- 6 |  7- 9 || total
---------------------------+-------+-------+-------++-------
   Fire: Shortbow          |   142 |   183 |    47 ||   372
    Use: Scroll            |     3 |    11 |       ||    14
         Potion            |     1 |     1 |     2 ||     4
 Armour: Leather armour    |    19 |       |       ||    19
         Ring mail         |       |    51 |     9 ||    60
  Dodge: Dodged            |    46 |    57 |    21 ||   124

Table legend:
 A = Non-vault XP
 B = Vault XP
 C = Vault XP percentage of total XP
 D = Non-vault monster count
 E = Vault monster count
 F = Vault count percentage of total count
                 A         B        C        D         E       F
            +---------+---------+-------+---------+---------+-------
      Total |     753 |     223 |  22.8 |      94 |      10 |   9.6
            +---------+---------+-------+---------+---------+-------
        D:1 |      52 |       0 |   0.0 |      33 |       0 |   0.0
        D:2 |      51 |       0 |   0.0 |      20 |       0 |   0.0
        D:3 |      70 |       0 |   0.0 |      16 |       0 |   0.0
        D:4 |     225 |      19 |   7.8 |      15 |       8 |  34.8
        D:5 |     355 |     204 |  36.5 |      10 |       2 |  16.7
            +---------+---------+-------+---------+---------+-------
